 Dungeon Crawl Stone Soup version 0.21.1-1-g345015f (webtiles) character file.

2225 Hebeh the Covert (level 9, -6/81 HPs)
             Began as a Deep Dwarf Fighter on June 13, 2018.
             Mangled by an orc warrior
             ... wielding a +0 halberd
              (16 damage)
             ... in a bailey.
             The game lasted 00:39:43 (4661 turns).

Hebeh the Covert (Deep Dwarf Fighter)               Turns: 4661, Time: 00:39:46

Health: -6/81      AC:  8    Str: 23    XL:     9   Next: 13%
Magic:  1/1        EV:  8    Int:  9    God:
Gold:   154        SH: 10    Dex: 12    Spells: 8/8 levels left

rFire    . . .     SeeInvis .   a - +0 war axe
rCold    . . .     Gourm    +   c - +0 shield
rNeg     . . .     Faith    .   b - +1 scale mail
rPois    .         Spirit   .   (no helmet)
rElec    .         Reflect  .   (no cloak)
rCorr    .         Harm     .   (no gloves)
MR       ++...                  (no boots)
Stlth    ++........             r - amulet of the gourmand
HPRegen  0.00/turn              n - ring of protection from magic
MPRegen  0.07/turn              (no ring)

@: non-regenerating
A: damage resistance, heal wounds, sense surroundings 2, no regeneration
a: Heal Wounds


You were in a bailey.
You were completely stuffed.

You visited 2 branches of the dungeon, and saw 9 of its levels.
You also visited: Bailey.

You collected 340 gold pieces.
You spent 186 gold pieces at shops.

Inventory:

Hand Weapons
 a - a +0 war axe (weapon)
 g - a cursed -1 flail
 k - a +0 whip
 v - a +0 whip
 y - a +0 mace
Missiles
 e - 162 stones (quivered)
Armour
 b - a +1 scale mail (worn)
 c - a +0 shield (worn)
 u - a +0 buckler
Jewellery
 n - a ring of protection from magic (left hand)
 p - an uncursed amulet of guardian spirit {unknown}
 r - an amulet of the gourmand (around neck)
Wands
 A - a wand of flame (30)
Scrolls
 h - 2 scrolls of remove curse
 o - a scroll of fog
 q - 3 scrolls of magic mapping {unknown}
 t - a scroll of noise {unknown}
 x - 2 scrolls of teleportation {unknown}
 B - a scroll of amnesia {unknown}
 C - a scroll of enchant weapon {unknown}
Potions
 d - 2 potions of might
 i - 3 potions of brilliance {unknown}
 j - 2 potions of lignification {unknown}
 l - 2 potions of flight {unknown}
 m - 2 potions of degeneration {unknown}
 s - 3 potions of curing
 w - 2 potions of heal wounds
 z - a potion of cancellation {unknown}
Comestibles
 f - 7 rations
 D - 9 chunks of flesh


   Skills:
 + Level 5.0 Fighting
 * Level 7.5 Axes
 + Level 5.9 Armour
 * Level 8.3 Stealth
 + Level 5.9 Shields


You had 8 spell levels left.
You didn't know any spells.

Dungeon Overview and Level Annotations

Branches:
Dungeon (8/15)             Temple (1/1) D:6
   Lair: D:8-11

Altars:
Cheibriados
Gozag
Hepliaklqana
Kikubaaqudgha
Nemelex Xobeh
Okawaru
Qazlal
Ru
Sif Muna
Trog
Uskayaw
Wu Jian
Xom
Yredelemnul
Zin
The Shining One

Shops:
D:4 *

Annotations:
D:6 Prince Ribbit
D:7 Duvessa


Innate Abilities, Weirdness & Mutations

You are resistant to damage.
You can heal yourself by infusing magical energy.
You passively map the area around you.
You do not regenerate.


Message History

You feel much better.
The orc warrior shoots a bolt.
The bolt hits you!!
The orc warrior shoots a bolt.
The bolt hits you. Why would you want to do that?
The orc warrior shoots a bolt.
The bolt hits you!
The orc warrior hits you with a halberd!!
* * * LOW HITPOINT WARNING * * *
You see here a bolt.
You barely miss the orc warrior.
The orc warrior shoots a bolt.
You block the bolt. You block the orc warrior's attack.
You closely miss the orc warrior.
The orc warrior shoots a bolt.
The bolt hits you!
* * * LOW HITPOINT WARNING * * *
You block the orc warrior's attack.
You slash the orc warrior!
The orc warrior is moderately wounded.
The orc warrior shoots a bolt.
The bolt closely misses you.
The bolt hits the orc warrior but does no damage.
The orc warrior shoots a bolt.
You block the bolt.
The orc warrior hits you with a halberd!!
You die...

* ### * ,
######*##∩## * **
,##.....##.∩.# .,, *
, #..≈≈≈..#...#..≈
,* *
#.≈≈o≈≈.......≈≈o ≈
, +.≈.oo≈(@o....≈oo
≈,+ ,
,#.≈≈o≈≈.......≈≈o≈
,#..≈≈≈o.#...#..≈≈≈,
, *
,,##.....##...##....
, ** * ###### ##∩##
####* * * *##


You could see 3 orc knights and 4 orc warriors.

Vanquished Creatures
  A centaur skeleton (D:7)
  The ghost of tidbits the Grave Robber, a novice GnNe (D:5)
  The ghost of RottenKnight the Firebug, an amateur DrFE (D:4)
  2 ice beasts
  3 orc warriors (D:7)
  A phantom (D:5)
  The ghost of inc the Cudgeler, an amateur DsMo (D:3)
  A centaur (D:7)
  A scorpion (D:7)
  Dowan (D:7)
  A bullfrog zombie (D:5)
  A hound (D:5)
  A bullfrog skeleton (D:5)
  A centaur zombie (D:5)
  4 orc priests
  5 orc wizards
  An iguana (D:4)
  2 worker ants (D:5)
  A killer bee zombie (D:5)
  A hound zombie (D:7)
  A hound skeleton (D:5)
  A worker ant zombie (D:5)
  7 adders
  A shadow imp (D:7)
  An ooze (D:5)
  2 worms
  A dart slug (D:1)
  5 leopard geckos
  22 orcs
  6 giant cockroaches
  8 goblins
  11 hobgoblins
  4 jackals (D:6)
  2 quokkas
  2 ball pythons
  6 bats
  4 frilled lizards
  A jackal skeleton (D:7)
  9 kobolds
  5 rats
  4 toadstools (D:1)
134 creatures vanquished.

Notes
Turn   | Place    | Note
-------+----------+-------------------------------------------
     0 | D:1      | Hebeh the Deep Dwarf Fighter began the quest for the Orb.
     0 | D:1      | Reached XP level 1. HP: 20/20 MP: 1/1
   185 | D:1      | Reached XP level 2. HP: 24/27 MP: 2/2
   199 | D:1      | Reached skill level 1 in Stealth
   708 | D:1      | Reached XP level 3. HP: 21/33 MP: 3/3
   794 | D:1      | Reached skill level 2 in Stealth
  1615 | D:4      | Found a hide-covered altar of Uskayaw.
  1615 | D:4      | Noticed RottenKnight's ghost (amateur DrFE)
  1668 | D:3      | Reached XP level 4. HP: 37/42 MP: 4/4
  1816 | D:3      | Found a shimmering altar of Xom.
  1817 | D:3      | Found a shimmering altar of Xom.
  1817 | D:3      | Found a shimmering altar of Xom.
  1817 | D:3      | Found a shimmering altar of Xom.
  1817 | D:3      | Found a shimmering altar of Xom.
  1817 | D:3      | Found a shimmering altar of Xom.
  1818 | D:3      | Found a shimmering altar of Xom.
  1841 | D:3      | Reached skill level 3 in Stealth
  1843 | D:3      | Reached XP level 5. HP: 35/49 MP: 5/5
  2187 | D:3      | Found a sparkling altar of Nemelex Xobeh.
  2294 | D:3      | Noticed inc's ghost (amateur DsMo)
  2306 | D:3      | Killed inc's ghost
  2306 | D:3      | Reached XP level 6. HP: 26/56 MP: 6/6
  2531 | D:3      | Reached skill level 4 in Stealth
  2577 | D:4      | Killed RottenKnight's ghost
  2603 | D:5      | Entered Level 5 of the Dungeon
  2635 | D:4      | Found Zin's Purification Station.
  2643 | D:4      | Found a glowing silver altar of Zin.
  2650 | D:4      | Bought a potion of curing for 90 gold pieces
  2738 | D:4      | Found Utekk's General Store.
  2746 | D:4      | Bought a scroll of remove curse for 36 gold pieces
  2746 | D:4      | Bought a potion of heal wounds for 60 gold pieces
  2785 | D:5      | Noticed a sky beast
  3049 | D:5      | Reached XP level 7. HP: 44/63 MP: 6/6
  3056 | D:5      | Reached skill level 5 in Axes
  3075 | D:5      | Found a stormy altar of Qazlal.
  3105 | D:5      | Reached skill level 5 in Stealth
  3374 | D:5      | Noticed tidbits's ghost (novice GnNe)
  3515 | D:5      | Killed tidbits's ghost
  3515 | D:5      | Reached skill level 5 in Armour
  3515 | D:5      | Reached skill level 6 in Stealth
  3515 | D:5      | Reached skill level 5 in Shields
  3515 | D:5      | Reached XP level 8. HP: 38/72 MP: 6/6
  3523 | D:5      | Found an ancient bone altar of Kikubaaqudgha.
  3864 | D:6      | Found a staircase to the Ecumenical Temple.
  3889 | Temple   | Entered the Ecumenical Temple
  4145 | D:7      | Noticed Duvessa
  4147 | D:7      | Noticed Dowan
  4260 | D:6      | Reached skill level 7 in Stealth
  4273 | D:6      | Noticed Prince Ribbit
  4339 | D:6      | Found a snail-covered altar of Cheibriados.
  4561 | D:7      | Reached skill level 8 in Stealth
  4561 | D:7      | Gained mutation: You passively map the area around you. [Deep Dwarf growth]
  4561 | D:7      | Reached XP level 9. HP: 37/80 MP: 2/2
  4621 | D:7      | Killed Dowan
  4621 | D:7      | Reached skill level 5 in Fighting
  4640 | D:7      | Found a flagged portal.
  4649 | Bailey   | Entered a bailey
  4649 | Bailey   | Noticed an orc knight
  4649 | Bailey   | Noticed an orc knight
  4650 | Bailey   | Noticed an orc knight
  4661 | Bailey   | Mangled by an orc warrior

Skill      XL: |  1  2  3  4  5  6  7  8  9 |
---------------+----------------------------+-----
Stealth        | 1 2 3 4 6 8 |  8.3
Axes           | 3 4 6 7 |  7.5
Fighting       | 3 4 5 |  5.0
Armour         | 4 5 |  5.9
Shields        | 4 5 |  5.9

Action                   |  1- 3 |  4- 6 |  7- 9 || total
-------------------------+-------+-------+-------++-------
Melee: War axe           |   132 |   162 |   329 ||   623
 Abil: Heal Wounds       |     1 |     6 |    35 ||    42
  Use: Scroll            |     2 |     3 |       ||     5
       Potion            |       |       |     1 ||     1
 Stab: Sleeping          |       |       |     1 ||     1
  Eat: Chunk             |     3 |    10 |    13 ||    26
Armor: Scale mail        |    66 |    65 |   131 ||   262
Dodge: Dodged            |    41 |    48 |   104 ||   193
Block: Shield            |    70 |    77 |   227 ||   374
